[Event "GER-ch Blitz 2019"]
[Site "Magdeburg"]
[Date "2019.05.25"]
[Round "6.13"]
[White "Carow, Johannes"]
[Black "Heistermann, Till"]
[Result "1/2-1/2"]
[ECO "B38"]
[WhiteElo "2445"]
[BlackElo "2181"]
[Annotator "NA"]
[PlyCount "71"]
[EventDate "2019.05.25"]
[EventType "tourn"]
[EventCountry "GER"]
[Tiebreak "Number of wins+Number of black wins"]
[SourceTitle "playchess.com"]
[Source "ChessBase"]
[SourceQuality "1"]
[TimeControl "180+2"]

1. Nf3 c5 2. c4 g6 3. d4 cxd4 4. Nxd4 Bg7 5. e4 Nc6 6. Be3 d6 7. Nc3 Nf6 8. Be2 Nxd4 9. Bxd4 O-O 10. O-O Bd7 11. Qc2 Bc6 12.
Rad1 Nd7 13. Be3 a5 14. f4 Qc7 15. Bf3 Rfc8 16. Qd2 a4 17.
Bg4 Rd8 18. Nd5 Bxd5 19. cxd5 Qa5 20. Qe2 Nc5 21. Bxc5 Qxc5+ 22. Kh1 Qb4 23. e5 Ra5 24. Rf2 Rc5 25. h3 Rc4 26. a3 Qc5 27. exd6 exd6 28. Qe7 Qc7 29. Qxc7 Rxc7 30. Re1 h5 31. Bd1 b5 32. Rd2 Kf8 33. Kg1 Rc5 34. Kf1 Rdc8 35. g4 hxg4 36. hxg4 1/2-1/2

[Event "GER-ch Blitz 2019"]
[Site "Magdeburg"]
[Date "2019.05.25"]
[Round "6.14"]
[White "Barzen, Pascal"]
[Black "Schneider, Ilja"]
[Result "0-1"]
[ECO "B07"]
[WhiteElo "2292"]
[BlackElo "2494"]
[Annotator "ChessBase"]
[PlyCount "118"]
[EventDate "2019.05.25"]
[EventType "tourn"]
[EventCountry "GER"]
[Tiebreak "Number of wins+Number of black wins"]
[SourceTitle "playchess.com"]
[Source "ChessBase"]
[SourceQuality "1"]
[TimeControl "180+2"]

1. e4 d6 2. d4 Nf6 3. Nc3 e5 4. Nf3 exd4 5. Nxd4 Be7 6. Be2 O-O 7. O-O Re8 8. f4 Bf8 9. Bf3 c5 10. Nde2 Nc6 11. Be3 Bg4 12.
Ng3 Bxf3 13. Qxf3 Nd4 14.
Qd1 Qb6 15. Rb1 Rad8 16. Kh1 d5 17. e5 Ne4 18. Ngxe4 dxe4 19. Nxe4 Qg6 20. Ng3 Nxc2 21. Qe2 Nxe3 22. Qxe3 Qd3 23. Qe4 Qxe4 24. Nxe4 f6 25. Rbd1 fxe5 26. Rxd8 Rxd8 27. fxe5 Re8 28. Rf5 Re6 29. g3 g6 30. Nf6+ Kg7 31. Rf2 Be7 32. Kg2 Rxe5 33. Ng4 Re4 34. Kf3 Re6 35. Rc2 b6 36. Ne3 Bf6 37. b3 Bd4 38.
Nc4 h5 39. h3 b5 40. Na5 Re3+ 41. Kg2 Rc3 42. Re2 c4 43. bxc4 bxc4 44. Re4 Rc2+ 45. Kf1 Rf2+ 46. Ke1 Rxa2 47. Rxd4 Rxa5 48. Rxc4 Ra2 49. Rc6 a5 50. Kf1 a4 51. h4 a3 52. Ra6 Kf7 53. Kg1 Ke7 54. Kh1 Kd7 55.
Kg1 Kc7 56. Kh1 Kb7 57. Rf6 Rb2 58. Rf7+ Kc6 59. Rf6+ Kd5 0-1

[Event "GER-ch Blitz 2019"]
[Site "Magdeburg"]
[Date "2019.05.25"]
[Round "6.15"]
[White "Krause, Benedict"]
[Black "Hebbinghaus, Holger"]
[Result "1-0"]
[ECO "B03"]
[WhiteElo "2434"]
[BlackElo "2310"]
[Annotator "NA"]
[PlyCount "62"]
[EventDate "2019.05.25"]
[EventType "tourn"]
[EventCountry "GER"]
[Tiebreak "Number of wins+Number of black wins"]
[SourceTitle "playchess.com"]
[Source "ChessBase"]
[SourceQuality "1"]
[TimeControl "180+2"]

1. e4 Nf6 2. e5 Nd5 3. d4 d6 4. c4 Nb6 5. exd6 cxd6 6. Nc3 g6 7. Be3 Bg7 8. Rc1 O-O 9. b3 Bf5 10. Nf3 d5 11. c5 Nc8 12. b4 a6 13.
Bd3 Bg4 14. Be2 Nc6 15. a3 e6 16. O-O N8e7 17. Ne5 Nxe5 18. Bxg4 Nc4 19. a4 f5 20. Be2 f4 21. Bd2 Bxd4 22. Bxc4 dxc4 23. Qe2 e5 24. Qxc4+ Kg7 25. Ne4 Qd5 26. b5 axb5 27. Qxd5 Nxd5 28. axb5 Rfd8 29. c6 bxc6 30. bxc6 Rac8 31. Ba5 Re8
1-0

[Event "GER-ch Blitz 2019"]
[Site "Magdeburg"]
[Date "2019.05.25"]
[Round "7.1"]
[White "Gustafsson, Jan"]
[Black "Kirchner, Thomas"]
[Result "1-0"]
[ECO "A52"]
[WhiteElo "2639"]
[BlackElo "2311"]
[Annotator "ChessBase"]
[PlyCount "111"]
[EventDate "2019.05.25"]
[EventType "tourn"]
[EventCountry "GER"]
[Tiebreak "Number of wins+Number of black wins"]
[SourceTitle "playchess.com"]
[Source "ChessBase"]
[SourceQuality "1"]
[TimeControl "180+2"]

1. d4 Nf6 2. c4 e5 3. dxe5 Ng4 4. Nf3 Bc5 5. e3 Nc6 6. Nc3 Ngxe5 7. Nxe5 Nxe5 8. Be2 O-O 9. O-O Re8 10. b3 a5 11. Bb2 Ra6 12. Ne4 Bf8 13. c5 Rh6 14. f4 Nc6 15. Ng5 d5 16. cxd6 Bxd6 17. Bc4 Be6 18. Nxe6 fxe6 19. Qg4 Rg6 20. Qh5 Rh6 21. Qg4 Rg6 22. Qf3 Kh8 23. Rad1 Qe7 24. g3 Bc5 25. Kg2 e5 26. Qe4 exf4 27. Qxe7 Rxe7 28. exf4 Rd6 29. Rxd6 Bxd6 30. Rd1 h6 31. Kf3 Kh7 32. Bd5 Nd8 33. h4 b6 34. h5 Ne6 35. Kg4 Nc5 36. Bf3 Re3 37. Bd4 Re7 38. Rd2 Ne6 39.
Bb2 Nc5 40. Bd5 Ne4 41. Rd4 Nf6+ 42. Kf3 Nxh5 43. Rc4 Nf6 44. Bc6 Kg8 45. g4 Ne8 46. Bd5+ Kh8 47. g5 Bc5 48. gxh6 Kh7 49. hxg7 Nxg7
50. Be4+ Kg8 51. Rc1 Ne6 52. Rh1 Nd4+ 53. Ke3 Nf5+ 54. Kd3 Nd6 55. Bd5+ Nf7 56. Rh8# 1-0

[Event "GER-ch Blitz 2019"]
[Site "Magdeburg"]
[Date "2019.05.25"]
[Round "7.2"]
[White "Kopylov, Michael"]
[Black "Heidrich, Manfred"]
[Result "1-0"]
[ECO "A88"]
[WhiteElo "2413"]
[BlackElo "2351"]
[Annotator "NA"]
[PlyCount "43"]
[EventDate "2019.05.25"]
[EventType "tourn"]
[EventCountry "GER"]
[Tiebreak "Number of wins+Number of black wins"]
[SourceTitle "playchess.com"]
[Source "ChessBase"]
[SourceQuality "1"]
[TimeControl "180+2"]

1. d4 f5 2. g3 Nf6 3. Bg2 g6 4. c4 Bg7 5. Nf3 d6 6. O-O O-O 7. Nc3 c6 8. Qb3 Kh8 9. Rd1 Qc7 10. Qa3 Be6 11. d5 Bg8 12. Nd4 cxd5 13. cxd5 Na6 14. Bg5 Nc5 15. Rac1 a5 16. Na4 b6 17. Nc6 e5 18. dxe6 Bxe6 19. Nc3 Rac8 20. Nb5 Qf7 21. Nxd6 Qg8 22. Ne7 1-0

[Event "GER-ch Blitz 2019"]
[Site "Magdeburg"]
[Date "2019.05.25"]
[Round "7.3"]
[White "Svane, Frederik"]
[Black "Ehmann, Thilo"]
[Result "1/2-1/2"]
[ECO "C84"]
[WhiteElo "2342"]
[BlackElo "2291"]
[Annotator "NA"]
[PlyCount "111"]
[EventDate "2019.05.25"]
[EventType "tourn"]
[EventCountry "GER"]
[Tiebreak "Number of wins+Number of black wins"]
[SourceTitle "playchess.com"]
[Source "ChessBase"]
[SourceQuality "1"]
[TimeControl "180+2"]

1. e4 e5 2. Nf3 Nc6 3. Bb5 a6 4. Ba4 Nf6 5. O-O Be7 6. d3 b5 7. Bb3 O-O 8. Nc3 d6 9. a3 Nd4 10. Nxd4 exd4 11. Nd5 Nxd5 12. Bxd5 Rb8 13. a4 Be6 14. Bxe6 fxe6 15. f4 Qd7 16. b3 Bf6 17. Qg4 c5 18. f5 e5 19. Bg5 Qe7 20. Bxf6 Qxf6 21. axb5 axb5 22. Ra7 Rf7 23. Rfa1 Rbf8 24. R1a5 b4 25. R5a6 Kh8 26. g3 Kg8 27. Kg2 Qh6 28. Rxf7 Rxf7 29. Qh4 Qxh4 30. gxh4 Rf6 31. Kg3 Kf8 32. Kg4 Rh6 33. Ra8+ Kf7 34. Ra7+ Kf8 35. Rd7 Rf6 36. Kg5 Rh6 37. Rb7 Rf6 38. Rb8+ Kf7 39. Ra8 Rh6 40. Rh8 Ke7 41. Ra8 Rf6 42. Rg8 Kf7 43. Ra8 Rh6 44. Rh8 Ke7 45. h5 Kf7 46. h4 Rf6 47.
Ra8 Rh6 48. Ra7+ Kf8 49. Ra8+ Kf7 50. Rh8 Rf6 51. Ra8 Rh6 52. Ra1 Rf6 53. Ra6 Rh6 54. Ra7+ Kf8 55. Ra8+ Kf7 56. Ra7+ {[%emt 0:00:01] Ke7} 1/2-1/2

[Event "GER-ch Blitz 2019"]
[Site "Magdeburg"]
[Date "2019.05.25"]
[Round "7.4"]
[White "Braeuer, Franz"]
[Black "Schulze, Marc"]
[Result "1/2-1/2"]
[ECO "B38"]
[WhiteElo "2445"]
[BlackElo "2220"]
[Annotator "NA"]
[PlyCount "70"]
[EventDate "2019.05.25"]
[EventType "tourn"]
[EventCountry "GER"]
[Tiebreak "Number of wins+Number of black wins"]
[SourceTitle "playchess.com"]
[Source "ChessBase"]
[SourceQuality "1"]
[TimeControl "180+2"]

1. e4 c5 2. Nf3 g6 3. d4 cxd4 4. Nxd4 Bg7 5. c4 Nc6 6. Be3 Nf6 7. Nc3 O-O 8. Be2 d6 9. O-O Bd7 10. h3 Nxd4 11. Bxd4 Bc6 12. Qc2 a5 13. Rad1 Nd7 14. Bxg7 Kxg7 15. Bg4 Ne5 16. c5 Nxg4 17. hxg4 Qc8 18. cxd6 Qxg4 19. dxe7 Rfe8 20. Nd5 Bxd5 21. exd5 Rxe7 22.
Qc3+ Kg8 23. d6 Rd7 24. Rd4 Qe6 25. Rfd1 Qxa2 26. b3 Qe2 27. Re1 Qb5 28. Qf3 Rad8 29. Red1 Qc5 30. Qf6 b5 31. Rd5 Qc2 32. R5d3 a4 33. bxa4 bxa4 34. Qa1 Qc6 35. Qa3 h5 1/2-1/2

[Event "GER-ch Blitz 2019"]
[Site "Magdeburg"]
[Date "2019.05.25"]
[Round "7.5"]
[White "Zelbel, Patrick"]
[Black "Buhmann, Rainer"]
[Result "1/2-1/2"]
[ECO "B10"]
[WhiteElo "2439"]
[BlackElo "2573"]
[Annotator "ChessBase"]
[PlyCount "71"]
[EventDate "2019.05.25"]
[EventType "tourn"]
[EventCountry "GER"]
[Tiebreak "Number of wins+Number of black wins"]
[SourceTitle "playchess.com"]
[Source "ChessBase"]
[SourceQuality "1"]
[TimeControl "180+2"]

1. e4 c6 2. c4 d5 3. exd5 cxd5 4. cxd5 Nf6 5. Nc3 Nxd5 6. Nf3 Nc6 7. Bb5 Nxc3 8. bxc3 Qd5 9. Qa4 a6 10. Be2 e6 11. O-O Be7 12. d4 O-O 13.
c4 Qe4 14. Be3 Bf6 15. Rad1 Rd8 16. h3 Qf5 17. Bd3 Qa5 18. Qxa5 Nxa5 19. d5 Re8 20. Bb6 Bd8 21. Bd4 exd5 22. cxd5 Bd7 23. Rb1 f6 24. Rfc1 Rc8 25. Rxc8 Bxc8 26. Nd2 b5 27. Ne4 Bf5 28. f3 Bxe4 29. fxe4 Bc7 30. Bc3 Nc4 31. a4 Be5 32. axb5 axb5 33. Rxb5 Nd6 34. Rb3 Bxc3 35. Rxc3 Nxe4 36. Bxe4 1/2-1/2

[Event "GER-ch Blitz 2019"]
[Site "Magdeburg"]
[Date "2019.05.25"]
[Round "7.6"]
[White "Baskin, Robert"]
[Black "Kopylov, Daniel"]
[Result "1/2-1/2"]
[ECO "D00"]
[WhiteElo "2398"]
[BlackElo "2263"]
[Annotator "NA"]
[PlyCount "92"]
[EventDate "2019.05.25"]
[EventType "tourn"]
[EventCountry "GER"]
[Tiebreak "Number of wins+Number of black wins"]
[SourceTitle "playchess.com"]
[Source "ChessBase"]
[SourceQuality "1"]
[TimeControl "180+2"]

1. d4 d5 2. Bf4 Bf5 3. e3 e6 4. Nf3 Nf6 5. c4 Bxb1 6. Rxb1 Bb4+ 7. Ke2 dxc4 8. Qa4+ Nc6 9. Ne5 Nd5 10. Bg3 O-O 11. Nxc6 bxc6 12. a3 a5 13. axb4 axb4 14. Qxc6 c3 15. e4 Nf6 16. bxc3 bxc3 17. Be5 Ra2+ 18. Kf3 Nd7 19. Qxc3 f5 20. Bc4 Nxe5+ 21. dxe5 fxe4+ 22. Kxe4 Qh4+ 23. Kd3 Rd8+ 24. Ke3 Qxf2+ 25. Ke4 Qxg2+ 26. Ke3 Qf2+ 27. Ke4 Qf5+ 28. Ke3 Qf2+ 29. Ke4 Rad2 30. Bxe6+ Kh8 31. Rb4 Qh4+ 32. Ke3 Qf2+ 33. Ke4 Qg2+ 34. Ke3 Qxh1 35. Qxd2
Qg1+ 36. Qf2 Qc1+ 37. Kf3 Qc6+ 38. Kg3 Qxe6 39. Rf4 h6 40. Rf8+ Rxf8 41. Qxf8+ Kh7 42. Qf4 c5 43. Qe4+ Qg6+ 44. Kf4 Qxe4+ 45. Kxe4 Kg6 46. Kd5 Kf7 1/2-1/2

[Event "GER-ch Blitz 2019"]
[Site "Magdeburg"]
[Date "2019.05.25"]
[Round "7.7"]
[White "Schmaltz, Roland"]
[Black "Koch, Thomas"]
[Result "0-1"]
[ECO "B90"]
[WhiteElo "2461"]
[BlackElo "2474"]
[Annotator "ChessBase"]
[PlyCount "120"]
[EventDate "2019.05.25"]
[EventType "tourn"]
[EventCountry "GER"]
[Tiebreak "Number of wins+Number of black wins"]
[SourceTitle "playchess.com"]
[Source "ChessBase"]
[SourceQuality "1"]
[TimeControl "180+2"]

1. e4 c5 2. Nf3 d6 3. d4 cxd4 4. Nxd4 Nf6 5. Nc3 a6 6. Be3 Ng4 7. Bg5 h6 8. Bc1 Nc6 9. Nxc6 bxc6 10. Bc4 Nf6 11. e5 d5 12. exf6 dxc4 13.
Qxd8+ Kxd8 14. fxe7+ Bxe7 15. Bf4 Be6 16. O-O-O+ Ke8 17. Bd6 Rd8 18. Bxe7 Kxe7 19. Na4 Rd5 20. Rhe1 Rb8 21. Nc3 Rxd1+ 22. Rxd1 g5 23. Re1 Rd8 24. Re5 Rd4 25. g3 f6 26. Ra5 Bc8 27. Nd1 f5 28. c3 Re4 29. Kd2 f4 30.
f3 Re6 31. gxf4 gxf4 32. Rc5 Rd6+ 33. Ke2 Re6+ 34. Kd2 Rd6+ 35. Kc1 Rd3 36. Rxc6 Be6 37. Rxa6 Rxf3 38. a4 Rf1 39. Kd2 Rh1 40. Nf2 Rxh2 41. Ke1 Rg2 42. Kf1 Rg6 43. Ra7+ Kd6 44. a5 Kc5 45. Ne4+ Kd5 46. Nf2 Kc6 47. Re7 Bd5 48. a6 Kb5 49. a7 Ra6 50. Nh3 f3 51. Nf4 Bc6 52. Ne6 Kb6 53. Nd4 Bd5 54. Re5 Ba8 55. Kf2 Kxa7 56. Nxf3 Rf6 57. Re3 Kb6 58. Ke2 Rxf3 59. Rxf3 Bxf3+ 60. Kxf3 Kb5 0-1

[Event "GER-ch Blitz 2019"]
[Site "Magdeburg"]
[Date "2019.05.25"]
[Round "7.9"]
[White "Zuyev, Igor"]
[Black "Feuerstack, Aljoscha"]
[Result "1/2-1/2"]
[ECO "B23"]
[WhiteElo "2447"]
[BlackElo "2441"]
[Annotator "NA"]
[PlyCount "78"]
[EventDate "2019.05.25"]
[EventType "tourn"]
[EventCountry "GER"]
[Tiebreak "Number of wins+Number of black wins"]
[SourceTitle "playchess.com"]
[Source "ChessBase"]
[SourceQuality "1"]
[TimeControl "180+2"]

1. e4 c5 2. Nc3 e6 3. f4 d5 4. Nf3 dxe4 5. Nxe4 Nf6 6. Nxf6+ Qxf6 7. g3 Nc6 8. Bd3 Bd6 9. c3 b6 10. O-O Bb7 11. Re1 h6 12. Be4 O-O 13.
d4 cxd4 14. Nxd4 Bc5 15. Be3 Rac8 16. Bxc6 Bxc6 17. Nxc6 Rxc6 18. Qf3 Bxe3+ 19. Qxe3 Rd8 20. Rad1 Rcd6 21.
Rxd6 Rxd6 22. Qe4 Qd8 23. Re2 Rd1+ 24. Kg2 Ra1 25. a3 Qd1 26. Kh3 g6 27. Qa8+ Kg7 28. Qe4 Qf1+ 29. Kh4 Rd1 30. Qg2 Qxg2 31. Rxg2 f5 32. Re2 Kf6 33. Kh3 g5 34. Kg2 Rd3 35. h4 g4 36. h5 Rd5 37. Kf2 Rd3 38. Kg2 Rd5 39. Kf2 Rd3 1/2-1/2

[Event "GER-ch Blitz 2019"]
[Site "Magdeburg"]
[Date "2019.05.25"]
[Round "7.10"]
[White "Voege, Tobias"]
[Black "Frischmann, Rick"]
[Result "0-1"]
[ECO "D07"]
[WhiteElo "2294"]
[BlackElo "2320"]
[Annotator "NA"]
[PlyCount "64"]
[EventDate "2019.05.25"]
[EventType "tourn"]
[EventCountry "GER"]
[Tiebreak "Number of wins+Number of black wins"]
[SourceTitle "playchess.com"]
[Source "ChessBase"]
[SourceQuality "1"]
[TimeControl "180+2"]

1. d4 d5 2. c4 Nc6 3. Nf3 Bg4 4. Nc3 e6 5. cxd5 exd5 6. Qb3 Bb4 7. Ne5 Nxd4 8. Qd1 Nc6 9. Nxg4 h5 10. e3 hxg4 11. Qxg4 Nf6 12. Qxg7 Rg8 13. Qh6 Qe7 14. Bd2 d4 15. Nb1 O-O-O 16. Bb5 Ne5 17. Qh3+ Kb8 18. a3 Bxd2+ 19. Nxd2 Qc5 20. Be2 Qc2 21. Rd1 Nd3+ 22. Bxd3 Qxd3 23. e4 Qb5 24. Qf3 Nd7 25. Qe2 d3 26. Qe3 Rxg2 27. b4 Ne5 28. Qh3 Rdg8 29. Nb3 Qc4 30. Nc1 Qxe4+ 31. Kd2 Rxf2+ 32. Kc3 Qc4# {[%emt 0:
00:02] Kd4} 0-1

[Event "GER-ch Blitz 2019"]
[Site "Magdeburg"]
[Date "2019.05.25"]
[Round "7.11"]
[White "Hirneise, Jens"]
[Black "Braeuning, Rudolf Wilhelm"]
[Result "1-0"]
[ECO "B35"]
[WhiteElo "2375"]
[BlackElo "2285"]
[Annotator "NA"]
[PlyCount "98"]
[EventDate "2019.05.25"]
[EventType "tourn"]
[EventCountry "GER"]
[Tiebreak "Number of wins+Number of black wins"]
[SourceTitle "playchess.com"]
[Source "ChessBase"]
[SourceQuality "1"]
[TimeControl "180+2"]

1. e4 c5 2. Nf3 g6 3. d4 cxd4 4. Nxd4 Nc6 5. Nc3 Bg7 6. Be3 Nf6 7. Bc4 O-O 8. Bb3 a5 9. O-O a4 10. Nxa4 Nxe4 11. c4 Ra6 12. Re1 Nxd4 13. Bxd4 Rd6 14. Rxe4 e5 15. Nc3 Rxd4 16. Qe1 d6 17. Nb5 d5 18. cxd5 Rxe4 19.
Qxe4 Bf5 20. Qe2 Qb6 21. Rd1 h5 22. h3 Rd8 23. Nc3 Qb4 24.
Qc4 Qxc4 25. Bxc4 e4 26. Be2 Rc8 27. g4 hxg4 28. hxg4 Bd7 29. Nxe4 Bxb2 30. Rb1 Rc2 31. Bd3 Rc1+ 32. Rxc1 Bxc1 33. Nf6+ Kf8 34. Nxd7+ Ke7 35. Nc5 b6 36. Nb3 Ba3 37. Kg2 Kd6 38. Be4 Ke5 39. Bf3 Kf4 40. Nd2 Bb4 41. Nc4 Bc5 42. d6 Kg5 43. d7 Be7 44.
Nxb6 Bd8 45. Nc4 Kf6 46. a4 Ke7 47. Bc6 Ke6 48. a5 Kf6 49.
a6 Bc7 1-0

[Event "GER-ch Blitz 2019"]
[Site "Magdeburg"]
[Date "2019.05.25"]
[Round "7.12"]
[White "Heistermann, Till"]
[Black "Stern, Rene"]
[Result "0-1"]
[ECO "A13"]
[WhiteElo "2181"]
[BlackElo "2538"]
[Annotator "ChessBase"]
[PlyCount "92"]
[EventDate "2019.05.25"]
[EventType "tourn"]
[EventCountry "GER"]
[Tiebreak "Number of wins+Number of black wins"]
[SourceTitle "playchess.com"]
[Source "ChessBase"]
[SourceQuality "1"]
[TimeControl "180+2"]

1. c4 e6 2. Nf3 d5 3. g3 Nf6 4. Bg2 Be7 5. b3 O-O 6. Bb2 b6 7. O-O Bb7 8. d3 c5 9. Nbd2 d4 10. b4 Nbd7 11. Rb1 e5 12. bxc5 bxc5 13. Nb3 Qc7 14. Bc1 Rab8 15. Bd2 e4 16. Bf4 Bd6 17. Bxd6 Qxd6 18. Ne1 Qc7 19. Qd2 Rfe8 20. Qa5 Qxa5 21. Nxa5 Ba8 22. Nc2 Rb6 23. Nb3 exd3 24. exd3 Bxg2 25. Kxg2 Re2 26. Rbc1 Ng4 27. Kf3 Rxc2 28. Rxc2 Nxh2+ 29. Kg2 Nxf1 30. Kxf1 Kf8 31. Re2 Re6 32. Rb2 Ke7 33. Nc1 Rb6 34. Re2+ Kd6 35. Nb3 Nf6 36. Kg2 Rb8 37. Kf3 h5 38. Rd2 Re8 39. Rb2 Nd7 40. Kg2 Nb6 41. Nd2 Kc6 42. Ne4 f5 43.
Ng5 Na4 44. Rb5 Nc3 45. Ra5 Kb6 46. Ra3 Re2 0-1

[Event "GER-ch Blitz 2019"]
[Site "Magdeburg"]
[Date "2019.05.25"]
[Round "7.13"]
[White "Schulz, Karsten"]
[Black "Barzen, Pascal"]
[Result "1-0"]
[ECO "A05"]
[WhiteElo "2227"]
[BlackElo "2292"]
[Annotator "NA"]
[PlyCount "107"]
[EventDate "2019.05.25"]
[EventType "tourn"]
[EventCountry "GER"]
[Tiebreak "Number of wins+Number of black wins"]
[SourceTitle "playchess.com"]
[Source "ChessBase"]
[SourceQuality "1"]
[TimeControl "180+2"]

1. Nf3 Nf6 2. g3 e6 3. Bg2 d5 4. c4 Be7 5. b3 O-O 6. O-O c5 7. Bb2 Nc6 8. e3 b6 9. Nc3 Bb7 10. cxd5 exd5 11.
d4 Rc8 12. Rc1 Re8 13. Re1 Bf8 14. Na4 Ne4 15. dxc5 bxc5 16. Nd2 Nb4 17. Bf1 Nxd2 18. Qxd2 Nxa2 19. Ra1 Nb4 20. Bg2 Qd6 21. Red1 Red8 22. Rac1 Ba6 23. Ba3 Qf6 24. Nxc5 Rxc5 25. Bxb4 Rxc1 26. Rxc1 Bxb4 27. Qxb4 h6 28. Rd1 Qe6 29. Qd4 Bb7 30. Qxa7 Bc6 31. Qb6 Qd7 32. Qd4 Qe6 33. b4 Rb8 34. Rb1 g6 35. h4 h5 36. Rc1 Qd6 37.
Rc5 Ba8 38. b5 Kh7 39. Bxd5 Bxd5 40. Qxd5 Qf6 41. Qe5 Qb6 42. Rc7 Kg8 43. Qe7 Rf8 44. Rb7 Qa5 45. Qc5 Qe1+ 46. Kg2 Qb1 47. Re7 Rb8 48. Qd5 Rf8 49. Rd7 Qb2 50. Qc6 Rb8 51. Qd5 Rf8 52. Rd6 Rb8 53. Rxg6+ Kh7 54. Qxh5# 1-0

[Event "GER-ch Blitz 2019"]
[Site "Magdeburg"]
[Date "2019.05.25"]
[Round "7.14"]
[White "Hebbinghaus, Holger"]
[Black "Carow, Johannes"]
[Result "0-1"]
[ECO "B13"]
[WhiteElo "2310"]
[BlackElo "2445"]
[Annotator "NA"]
[PlyCount "94"]
[EventDate "2019.05.25"]
[EventType "tourn"]
[EventCountry "GER"]
[Tiebreak "Number of wins+Number of black wins"]
[SourceTitle "playchess.com"]
[Source "ChessBase"]
[SourceQuality "1"]
[TimeControl "180+2"]

1. e4 c6 2. d4 d5 3. exd5 cxd5 4. Bf4 Nf6 5. c3 Nc6 6. Nd2 g6 7. Be2 Bg7 8. h3 O-O 9. Ngf3 Nh5 10. Be3 f5 11. Nb3 Nf6 12. O-O Ne4 13. c4 e6 14. cxd5 exd5 15. Bb5 Ne7 16. Bf4 a6 17. Be2 Nc6 18. Ne5 Bd7 19. Nxc6 Bxc6 20. Be5 Bxe5 21. dxe5 f4 22. Qd4 Qe7 23. Rfe1 Rae8 24. Bd3 Qg5 25. f3 Ng3 26. e6 Rf6 27. Re5 Qh4 28. Rae1 Nh5 29. Na5 Ng7 30. e7 g5 31. Nxc6 bxc6 32. Bxa6 Nf5 33. Qd2 Ne3 34. R1xe3 fxe3 35. Qxe3 h6 36. Re6 Qf4 37. Qe1 Rxe6 38. Qxe6+ Qf7 39. Qxh6 Qxe7 40. Qg6+ Kf8 41. Bd3 Qe5 42. Qh6+ Ke7 43. Qh7+ Kd6 44. Qg6+ Kc5 45. b4+ Kd4 46. Qxc6 Kxd3 47. b5
Qe1+ 0-1

[Event "GER-ch Blitz 2019"]
[Site "Magdeburg"]
[Date "2019.05.25"]
[Round "7.15"]
[White "Schneider, Ilja"]
[Black "Krause, Benedict"]
[Result "1-0"]
[ECO "A45"]
[WhiteElo "2494"]
[BlackElo "2434"]
[Annotator "ChessBase"]
[PlyCount "113"]
[EventDate "2019.05.25"]
[EventType "tourn"]
[EventCountry "GER"]
[Tiebreak "Number of wins+Number of black wins"]
[SourceTitle "playchess.com"]
[Source "ChessBase"]
[SourceQuality "1"]
[TimeControl "180+2"]

1. d4 Nf6 2. Bg5 Ne4 3. Bf4 d5 4. e3 c5 5. Bd3 Nf6 6. c3 Nc6 7. Nd2 Bg4 8. Ngf3 e6 9. O-O Bd6 10. Bxd6 Qxd6 11. h3 Bh5 12.
dxc5 Qxc5 13. e4 Bxf3 14. Qxf3 Ne5 15. Qg3 Nxd3 16. Qxd3 O-O 17. Nb3 Qc7 18. exd5 Nxd5 19. Rfd1 Rad8 20. Nd4 a6 21. Qf3 Nf6 22. Nb3 b5 23. Rxd8 Rxd8 24. Rd1 h6 25. Rxd8+ Qxd8 26. Nd4 Qd5 27. Qxd5 Nxd5 28. Kf1 Kf8 29. Nc6 Ke8 30. g3 Nc7 31. Ke2 Kd7 32. Ne5+ Ke7 33. Kd3 f6 34. Nc6+ Kd6 35. Nd4 g6 36. c4 bxc4+ 37. Kxc4 e5 38. Nf3 g5 39. Nd2 f5 40. g4 fxg4 41. Ne4+ Kc6 42. hxg4 Nd5 43. b4 Nf4 44. a4 h5 45. gxh5 Nxh5 46. Nxg5 Nf6 47. Nf7 e4 48. Ng5 Ng4 49. Nxe4 Ne5+ 50. Kd4 Nf3+ 51. Ke3 Ne5 52. f4 Nc4+ 53. Kd4 Nb2 54. Nc3 Kd6 55. f5 Ke7 56. b5 axb5 57. axb5 1-0

[Event "GER-ch Blitz 2019"]
[Site "Magdeburg"]
[Date "2019.05.25"]
[Round "8.1"]
[White "Kopylov, Michael"]
[Black "Gustafsson, Jan"]
[Result "0-1"]
[ECO "D30"]
[WhiteElo "2413"]
[BlackElo "2639"]
[Annotator "RC"]
[PlyCount "62"]
[EventDate "2019.05.25"]
[EventType "tourn"]
[EventCountry "GER"]
[Tiebreak "Number of wins+Number of black wins"]
[SourceTitle "playchess.com"]
[Source "ChessBase"]
[SourceQuality "1"]
[TimeControl "180+2"]

1. d4 d5 2. c4 e6 3. Nf3 a6 4. Nbd2 Nf6 5. g3 dxc4 6. Nxc4 b5 7. Nce5 Bb7 8. Bg2 c5 9. O-O Nbd7 10. Bg5 Qb6 11. a4 Bd6 12. dxc5 Nxc5 13. axb5 axb5 14. Rxa8+ Bxa8 15. Bxf6 gxf6 16. Ng4 Ke7 17. Qd4 Nd7 18. Qd2 h5 19. Ne3 Bxf3 20. Bxf3 h4 21. Rd1 Ne5 22. Ng4 Nxg4 23. Bxg4 hxg3 24. hxg3 Rg8 25. Bf3 Rxg3+ 26. Kf1 Rg5 27. Qc3 Bc5 28. Qd3 Bxf2 29. Qd7+ Kf8 30. Qc8+ Kg7 31. Bg2 Bh4 0-1

[Event "GER-ch Blitz 2019"]
[Site "Magdeburg"]
[Date "2019.05.25"]
[Round "8.2"]
[White "Ehmann, Thilo"]
[Black "Kirchner, Thomas"]
[Result "0-1"]
[ECO "C88"]
[WhiteElo "2291"]
[BlackElo "2311"]
[Annotator "NA"]
[PlyCount "141"]
[EventDate "2019.05.25"]
[EventType "tourn"]
[EventCountry "GER"]
[Tiebreak "Number of wins+Number of black wins"]
[SourceTitle "playchess.com"]
[Source "ChessBase"]
[SourceQuality "1"]
[TimeControl "180+2"]

1. e4 e5 2. Nf3 Nc6 3. Bb5 a6 4. Ba4 Nf6 5. O-O b5 6. Bb3 Be7 7. Re1 O-O 8. h3 Bb7 9. c3 d5 10. exd5 Nxd5 11. d3 Bc5 12. Bc2 Re8 13. Nbd2 Bb6 14. Nf1 b4 15. Bd2 bxc3 16. bxc3 Rb8 17. Ba4 f6 18. Ng3 Kh8 19. Ne4 Qd7 20. c4 Nde7 21. c5 Ba7 22. Bc3 Red8 23. Bc2 Nd5 24. Qd2 Nxc3 25. Qxc3 Ne7 26. Rad1 Nd5 27. Qc4 Qb5 28. Bb3 Nf4 29. Qxb5 axb5 30. d4 exd4 31. g3 Ng6 32. Rxd4 Re8 33. Kf1 Ne5 34. Nxe5 Rxe5 35. f4 Ree8 36. Bd5 Rbd8 37. Red1 Ba6
38. Bc6 Rxd4 39. Rxd4 Rf8 40. Rd7 Bb8 41. Re7 b4+ 42. Kg2 Bc4 43. Nd2 Bxa2 44.
Re4 b3 45. Rb4 Ba7 46. Nxb3 Bxb3 47. Rxb3 Bxc5 48. Rc3 Bd6 49.
Kf3 g6 50. g4 Rb8 51. Be4 Kg7 52. f5 Rb2 53. Rd3 Rb4 54. Rc3 Rb2 55. Rd3 g5 56. Bd5 Bc5 57. Be6 Bd6 58. Bd5 Rh2 59. Ke4 Be5 60. Be6 Bd6 61. Kd5 h5 62. Rd4 hxg4 63. hxg4 Rc2 64. Rc4 Rd2+ 65. Ke4 Kf8 66. Ke3 Rb2 67. Kf3 Ke7 68. Ke3 Be5 69. Rc6 Rb4 70. Kf3 Bd6 71. Rc4 0-1

[Event "GER-ch Blitz 2019"]
[Site "Magdeburg"]
[Date "2019.05.25"]
[Round "8.3"]
[White "Heidrich, Manfred"]
[Black "Braeuer, Franz"]
[Result "1/2-1/2"]
[ECO "B22"]
[WhiteElo "2351"]
[BlackElo "2445"]
[Annotator "NA"]
[PlyCount "61"]
[EventDate "2019.05.25"]
[EventType "tourn"]
[EventCountry "GER"]
[Tiebreak "Number of wins+Number of black wins"]
[SourceTitle "playchess.com"]
[Source "ChessBase"]
[SourceQuality "1"]
[TimeControl "180+2"]

1. e4 c5 2. c3 Nf6 3. e5 Nd5 4. d4 cxd4 5. cxd4 Nc6 6. Nc3 Nxc3 7. bxc3 d6 8.
f4 e6 9. Nf3 Be7 10. Bd3 O-O 11. O-O Bd7 12. Qe2 d5 13. g4 f6 14. exf6 Rxf6 15. Bd2 Bd6 16. Ne5 Rf8 17. Rae1 Nxe5 18. fxe5 Be7 19. Rxf8+ Qxf8 20. Qg2 Qe8 21. Qh3 g6 22. Rf1 Bb5 23. Bxb5 Qxb5 24. Rf7 Kxf7 25. Qxh7+ Ke8 26. Qg8+ Kd7 27. Qxa8 Qb1+ 28.
Kf2 Bh4+ 29. Ke2 Qe4+ 30. Kd1 Qb1+ 31. Ke2 1/2-1/2